 Dungeon Crawl Stone Soup version 0.30-a0-772-g5528072125 (webtiles) character file.

Game seed: 12268806035310353401

2622 Flugslaktarn the Cleaver (level 9, 0/81 HPs)
             Began as a Minotaur Fighter on Feb 12, 2023.
             Was a Follower of Cheibriados.
             Slain by a gnoll
             ... wielding a +0 halberd
             ... led by a gnoll sergeant
              (6 damage)
             ... on level 7 of the Dungeon.
             The game lasted 00:03:03 (5273 turns).

Flugslaktarn the Cleaver (Minotaur Fighter)         Turns: 5273, Time: 00:03:03

Health: 0/81       AC: 11    Str: 26    XL:     9   Next: 34%
Magic:  0/10       EV:  9    Int:  8    God:    Cheibriados [*.....]
Gold:   384        SH:  6    Dex: 21    Spells: 8/8 levels left

rFire   . . .      SeeInvis .    a - +1 war axe
rCold   + . .      Faith    .    p - +0 buckler
rNeg    . . .      Spirit   +    b - +0 scale mail
rPois   .          Reflect  .    (helmet restricted)
rElec   .          Harm     .    y - +2 cloak
rCorr   .          Rampage  .    (no gloves)
Will    .....                    (no boots) Stlth
                                 s - amulet of guardian spirit
HPRegen 0.33/turn                v - +6 ring of dexterity
MPRegen 0.12/turn                c - ring of protection from cold

@: studying Stealth, very slow
A: horns 2, retaliatory headbutt
a: Renounce Religion, Bend Time


You were on level 7 of the Dungeon.
You worshipped Cheibriados.
Cheibriados was aware of your devotion.
You visited 1 branch of the dungeon, and saw 7 of its levels.

You collected 384 gold pieces.

Inventory:

Hand Weapons
 a - a +1 war axe (weapon)
Armour
 b - a +0 scale mail (worn)
 p - a +0 buckler (worn)
 y - a +2 cloak (worn)
   (You found it on level 3 of the Dungeon)
Jewellery
 c - a ring of protection from cold (right hand)
   (You found it on level 2 of the Dungeon)
 g - a +6 ring of intelligence
   (You found it on level 1 of the Dungeon)
 l - a ring of positive energy
   (You found it on level 6 of the Dungeon)
 q - a ring of flight
   (You found it on level 2 of the Dungeon)
 s - an amulet of guardian spirit (around neck)
   (You found it on level 6 of the Dungeon)
 v - a +6 ring of dexterity (left hand)
   (You found it on level 3 of the Dungeon)
Wands
 h - a wand of mindburst (13)
   (You found it on level 7 of the Dungeon)
Scrolls
 d - 2 scrolls of identify {unknown}
 k - 2 scrolls of poison
 m - 2 scrolls of fog
 t - a scroll of teleportation
 B - a scroll of blinking {unknown}
 C - a scroll of enchant weapon
 D - a scroll of vulnerability {unknown}
 E - 3 scrolls of fear {unknown}
Potions
 e - 2 potions of haste {unknown}
 f - 3 potions of invisibility {unknown}
 i - 2 potions of ambrosia
 j - a potion of cancellation {unknown}
 n - a potion of resistance
 o - 2 potions of heal wounds {unknown}
 r - a potion of lignification
 u - a potion of attraction {unknown}
 w - a potion of flight {unknown}
 x - 3 potions of degeneration {unknown}
 z - a potion of curing {unknown}
 A - a potion of mutation {unknown}


   Skills:
 + Level 8.2 Fighting
 * Level 10.7 Axes
 + Level 8.2 Armour
 - Level 3.6 Shields
 + Level 3.2 Invocations


You had 8 spell levels left.
You didn't know any spells.
Your spell library was empty.

Dungeon Overview and Level Annotations

Branches:
Dungeon (7/15)             Temple (0/1) D:7

Altars:
Cheibriados
Fedhas
Hepliaklqana
Nemelex Xobeh
Ru
Trog
Uskayaw
Wu Jian
Yredelemnul
Zin

Shops:
D:5 ?   D:6 (

Annotations:
D:4 1 runed translucent door, Leeroy's ghost, amateur VSWr
D:6 3 runed translucent doors, NigelTetley's ghost, novice VSFi


Innate Abilities, Weirdness & Mutations

You have a pair of horns on your head.
You reflexively headbutt those who attack you in melee.


Message History

The gnoll is almost dead.
You hear a shout! x3
The gnoll hits you but does no damage.
You completely miss the gnoll. You headbutt the gnoll.
You kill the gnoll!
Cheibriados appreciates the change of pace.
Cheibriados raises the support of your attributes as your movement slows.
No target in view!
No target in view!
No target in view!
No target in view!
No target in view!
A gnoll comes into view.
It is wielding a +0 whip. 2 gnolls come into view.
The gnoll shouts! x2
The gnoll sergeant hits you from afar with a +0 trident.
Found a stone staircase leading down.
The gnoll sergeant hits you from afar with a +0 trident.
The gnoll throws a throwing net.
The throwing net hits you.
You become entangled in the net!
The gnoll sergeant hits you from afar with a +0 trident.
You see here a throwing net.
You struggle against the net.
The gnoll sergeant hits you from afar with a +0 trident!
A gnoll comes into view. It is wielding a +0 halberd.
You struggle against the net.
The gnoll sergeant hits you from afar with a +0 trident.
The gnoll barely misses you. You furiously retaliate!
You headbutt the gnoll!
You struggle against the net.
The gnoll sergeant hits you from afar with a +0 trident!
The gnoll throws a stone.
The stone hits you but does no damage.
You struggle against the net.
The gnoll sergeant hits you from afar with a +0 trident.
The gnoll hits you but does no damage.
You struggle against the net.
The gnoll sergeant hits you from afar with a +0 trident!
The gnoll hits you but does no damage.
The gnoll hits you from afar with a +0 halberd.
The gnoll hits you but does no damage. x2
You struggle against the net.
The gnoll sergeant hits you from afar with a +0 trident.
The gnoll hits you but does no damage. x2
You rip the net and break free!
The gnoll sergeant hits you from afar with a +0 trident.
The gnoll hits you but does no damage. You block the gnoll's attack.
The gnoll barely misses you. The gnoll hits you with a +0 club.
You slash the gnoll!
You kill the gnoll!
Cheibriados appreciates the change of pace.
You hit the gnoll. You hit the gnoll but do no damage.
You block the gnoll sergeant's attack. The gnoll hits you but does no damage.
You block the gnoll's attack.
You barely miss the gnoll.
The gnoll is moderately wounded.
You slash the gnoll!
The gnoll sergeant hits you from afar with a +0 trident.
The gnoll hits you but does no damage. x2; The gnoll misses you.
The gnoll sergeant barely misses you. The gnoll hits you with a +0 club.
The gnoll hits you with a +0 flail.
The gnoll hits you from afar with a +0 halberd!
* * * LOW HITPOINT WARNING * * *
You are too injured to fight recklessly!
You hit the gnoll sergeant.
The gnoll sergeant is lightly wounded.
You slash the gnoll! x2
You kill the gnoll!
Cheibriados appreciates the change of pace.
The gnoll sergeant hits you with a +0 trident.
* * * LOW HITPOINT WARNING * * *
The gnoll hits you but does no damage. x2
Okay, then.
You slash the gnoll sergeant!
The gnoll sergeant is severely wounded.
You slash the gnoll!
You kill the gnoll!
Cheibriados appreciates the change of pace.
You block the gnoll sergeant's attack. The gnoll barely misses you.
Unknown command.
You hit the gnoll sergeant.
The gnoll sergeant is almost dead.
The gnoll sergeant hits you with a +0 trident!
* * * LOW HITPOINT WARNING * * *
The gnoll hits you but does no damage.
You slash the gnoll sergeant!
You kill the gnoll sergeant!
Cheibriados appreciates the change of pace.
The gnoll closely misses you. The gnoll hits you with a +0 halberd!
* * * LOW HITPOINT WARNING * * *
You hit the gnoll.
The gnoll is heavily wounded.
You block the gnoll's attack.
You hit the gnoll but do no damage.
The gnoll is heavily wounded.
The gnoll hits you with a +0 halberd.
* * * LOW HITPOINT WARNING * * *
You hit the gnoll.
The gnoll is severely wounded.
The gnoll hits you with a +0 halberd!
You die...

....#....# ...
#....#....#....
###....#....#.... #....# .
>'.............. .....'.. #
#........<...... ....#..
#.#....#..........##...#..
####.#......g................
#.........).@.##....#.#......
#...........).##....#.#......
#.........)#'###.............
#........).#.#..........#..#+
#..........#............#..#
#..........###.......[[.#..#
#.............#####..[..#..#
#...>.........# #.....#..#
#.............# ###.....#..#


You could see a gnoll.

Vanquished Creatures
  Pikel (D:4)
  Prince Ribbit (D:7)
  A water moccasin (D:6)
  A sky beast (D:6)
  2 black bears
  4 ogres (D:5)
  A lemure (D:4)
  2 bullfrogs
  A gnoll sergeant (D:7)
  4 scorpions
  3 necrophages
  2 hounds
  4 jellies
  3 orc priests
  An iguana (D:6)
  2 orc wizards (D:7)
  Robin (D:3)
  12 gnolls
  5 adders
  A shadow imp (D:7)
  3 white imps
  An ufetubus (D:5)
  A worm (D:5)
  11 orcs
  6 endoplasms
  4 giant cockroaches
  14 goblins
  7 hobgoblins
  2 jackals (D:1)
  3 quokkas
  11 ball pythons
  9 bats
  6 kobolds
  7 rats
  A spectral orc (D:6)
138 creatures vanquished.

Vanquished Creatures (others)
  An endoplasm (D:2)
1 creature vanquished.

Grand Total: 139 creatures vanquished

Notes
Turn   | Place    | Note
-------+----------+-------------------------------------------
     0 | D:1      | Flugslaktarn the Minotaur Fighter began the quest for the
                  | Orb.
     0 | D:1      | Reached XP level 1. HP: 19/19 MP: 0/0
   252 | D:1      | Reached skill level 3 in Axes
   252 | D:1      | Reached XP level 2. HP: 27/27 MP: 1/1
   873 | D:2      | Reached XP level 3. HP: 33/33 MP: 2/2
  1609 | D:3      | Noticed Robin
  1619 | D:3      | Killed Robin
  1623 | D:3      | Reached skill level 4 in Axes
  1718 | D:3      | Reached XP level 4. HP: 40/40 MP: 3/3
  2357 | D:4      | Found a glowing silver altar of Zin.
  2422 | D:4      | You fall into a shaft and drop 3 floors!
  2426 | D:7      | Noticed a bullfrog
  2432 | D:7      | Killed a bullfrog
  2433 | D:7      | Reached skill level 5 in Axes
  2433 | D:7      | Reached XP level 5. HP: 29/47 MP: 4/4
  2435 | D:7      | Reached skill level 5 in Fighting
  2435 | D:7      | Reached skill level 5 in Armour
  2436 | D:7      | Reached XP level 6. HP: 16/56 MP: 5/5
  2723 | D:7      | Noticed a sky beast
  2737 | D:6      | Found a hazy altar of Hepliaklqana.
  2753 | D:6      | Noticed a water moccasin
  2754 | D:6      | Reached skill level 6 in Axes
  2762 | D:6      | Killed a water moccasin
  2931 | D:6      | Found Hionef's Weapon Emporium.
  2954 | D:5      | Entered Level 5 of the Dungeon
  2954 | D:5      | Found Kaen's Magic Scroll Shoppe.
  2966 | D:5      | Reached XP level 7. HP: 62/62 MP: 6/6
  2996 | D:5      | Reached skill level 7 in Axes
  3127 | D:4      | Found a runed translucent door.
  3127 | D:4      | Noticed Leeroy's ghost (amateur VSWr)
  3131 | D:4      | Noticed Pikel
  3141 | D:4      | Killed Pikel
  3142 | D:4      | Reached skill level 8 in Axes
  3142 | D:4      | Reached XP level 8. HP: 51/71 MP: 7/7
  3353 | D:4      | Found a sacrificial altar of Ru.
  3353 | D:4      | Found a bloodstained altar of Trog.
  3566 | D:5      | Found a snail-covered altar of Cheibriados.
  3566 | D:5      | Found a hide-covered altar of Uskayaw.
  3581 | D:5      | Became a worshipper of Cheibriados the Contemplative
  3604 | D:5      | Reached skill level 9 in Axes
  3686 | D:5      | Reached skill level 1 in Invocations
  4052 | D:5      | Found a blossoming altar of Fedhas.
  4212 | D:6      | Reached skill level 10 in Axes
  4244 | D:6      | Reached XP level 9. HP: 77/80 MP: 9/9
  4335 | D:6      | Reached * piety under Cheibriados
  4482 | D:6      | Found a runed translucent gate.
  4483 | D:6      | Found a runed translucent gate.
  4484 | D:6      | Found a runed translucent gate.
  4514 | D:6      | Noticed NigelTetley's ghost (novice VSFi)
  4638 | D:6      | Found a basalt altar of Yredelemnul.
  4783 | D:6      | Found a sparkling altar of Nemelex Xobeh.
  4975 | D:7      | Noticed Prince Ribbit
  5004 | D:7      | Killed Prince Ribbit
  5104 | D:7      | Found an ornate altar of the Wu Jian Council.
  5153 | D:7      | Found a staircase to the Ecumenical Temple.
  5273 | D:7      | Slain by a gnoll

Illustrated notes

Levels and vault maps discovered:
D:1:      dpeg_arrival_pits, layout_basic
D:2:      layout_loops_ring, lemuel_flame_loot_1
D:3:      minmay_general_purpose_star, layout_basic, uniq_robin
D:4:      layout_rooms, zin_treasury, mainiacjoe_overflow_divided_tiny,
          hellmonk_ghost_happy_afterlife, kennysheep_generic_room_12, uniq_pikel
D:5:      layout_rooms, fedhas_altar_fruit_tree, grunt_temple_overflow_open,
          serial_shops, nicolae_shop_waterfront, kennysheep_cluttered_room
D:6:      layout_basic, yredelemnul_forgotten_temple_becter,
          mainiacjoe_overflow_alcove_2, nicolae_overflow_crystal_walls,
          gammafunk_ghost_icy, serial_shops, shop, minmay_chambers_of_fives
D:7:      layout_basic, nicolae_wu_jian_wuxing_cycle,
          minmay_temple_entry_statues, minmay_misc_feat_five,
          minmay_misc_feat_plants, uniq_prince_ribbit1

Skill      XL: |  1  2  3  4  5  6  7  8  9 |
---------------+----------------------------+-----
Axes           | 3 4 5 6 8 10 | 10.7
Armour         | 4 5 6 7 8 |  8.2
Fighting       | 4 5 6 7 8 |  8.2
Invocations    | 2 3 |  3.2
Shields        | |  3.6

Action                     |  1- 3 |  4- 6 |  7- 9 || total
---------------------------+-------+-------+-------++-------
  Melee: War axe           |    80 |    50 |   133 ||   263
         Headbutt          |     7 |     5 |    32 ||    44
    Use: Potion            |       |     5 |       ||     5
         Scroll            |       |    10 |       ||    10
 Armour: Scale mail        |    45 |    21 |    68 ||   134
  Dodge: Dodged            |    37 |    16 |    52 ||   105
  Block: Buckler           |    19 |    14 |    32 ||    65

Table legend: (Time is in decaauts)
 A = Elapsed time spent in this place.
 B = Non-inter-level travel time spent in this place.
 C = Inter-level travel time spent in this place.
 D = Time resting spent in this place.
 E = Time spent auto-exploring this place.
 F = Levels seen in this place.
 G = Mean time per level.
                   A        B        C        D        E       F      G
               +--------+--------+--------+--------+--------+-----+--------+
         Total |   5724 |   5562 |    162 |    348 |   4368 |   7 |  817.7 |
       Dungeon |   5724 |   5562 |    162 |    348 |   4368 |   7 |  817.7 |
               +--------+--------+--------+--------+--------+-----+--------+

Top non-repeatable levels by time:
     D:6: 1226 daAuts
     D:3: 807 daAuts
     D:2: 801 daAuts
     D:5: 795 daAuts
     D:1: 771 daAuts
     D:7: 683 daAuts
     D:4: 639 daAuts
